Inferno vs Monarchs

Created - February 28, 2018 at 22:52

Goals
1 2 3 T
Inferno 3 0 2 5
Monarchs 0 2 0 2
Shots
1 2 3 T
Inferno 22 7 5 34
Monarchs 7 18 8 33

1st period

1. Inferno , Vladimir Zharkov 35 (Vladimir Sobotka 31) at 2:50
2. Inferno , Colby Robak 12 (Tanner Pearson 11, Christian Folin 17) at 11:04
3. Inferno , Anders Lee 28 (Greg Pateryn 9, Kyle Palmieri 21) at 14:54

Penalties :
Johnny Gaudreau (MAN) for Roughing (Minor) at 2:53

2nd period

4. Monarchs , Nail Yakupov 11 (Johnny Gaudreau 4) at 3:34
5. Monarchs , Pierre-Alexandre Parenteau 38 (Tom Pyatt 19, Igor Makarov 5) at 15:12

Penalties :
Kyle Palmieri (Anc) for Interference (Minor) at 6:57, Hampus Lindholm (MAN) for Cross-checking (Minor) at 11:43, Christian Folin (Anc) for Tripping (Minor) at 15:39, Vladimir Zharkov (Anc) for Hooking (Minor) at 0:00

3rd period

6. Inferno , Kyle Palmieri 19 (Esa Lindell 18, Simon Danis-Pepin 10) at 10:59
7. Inferno , Vladimir Zharkov 36 (David Ullstrom 52, Vladimir Sobotka 32) at 17:11

Penalties :
Christian Folin (Anc) for Charging (Minor) at 5:02, Vladimir Sobotka (Anc) for Hooking (Minor) at 12:17

Goalie Stats

Christopher Gibson (Anc), 31 saves from 33 shots - (0.939), W, 14-7-0, 60:00 minutes
Matt Murray (MAN), 29 saves from 34 shots - (0.853), L, 9-17-2, 60:00 minutes

Players Stats for Inferno

Player Name              G  A  P  +/- PIM S  H  SB GA TA FO     MP     PP MP  PK MP  
------------------------------------------------------------------------------------
Anders Lee               1  0  1   2  0   3  3  0  0  0  7/9    19:40   2:16   3:39 
Bryan Rust               0  0  0   1  0   0  0  0  0  0  0/1    11:13   0:02   0:00 
Cal O'Reilly             0  0  0   1  0   2  0  0  1  1  2/5    11:07   0:00   0:00 
Christian Folin          0  1  1   0  4   1  0  1  0  1  0/0    24:31   2:17   3:30 
Colby Robak              1  0  1   0  0   1  0  1  0  3  0/0    26:50   2:17   5:59 
David Ullstrom           0  1  1   0  0   1  0  2  0  0  1/5    23:00   2:18   5:35 
Esa Lindell              0  1  1   2  0   2  1  0  0  0  0/0    16:51   1:41   1:14 
Greg Pateryn             0  1  1   1  0   1  0  1  0  0  0/0    12:06   0:00   1:32 
Kyle Palmieri            1  1  2   2  2   5  2  0  2  0  0/1    15:30   1:40   0:00 
Mathieu Brodeur          0  0  0   2  0   3  1  0  0  1  0/0    21:30   1:41   2:59 
Matt Kassian             0  0  0   2  0   3  4  0  1  1  0/1    13:50   0:00   0:00 
Matthew Nieto            0  0  0   0  0   2  1  0  0  0  0/0     9:22   0:00   3:10 
Philip Varone            0  0  0   0  0   2  2  0  0  0  1/3     7:59   1:40   0:13 
Simon Danis-Pepin        0  1  1   1  0   0  2  0  0  1  0/0    18:14   0:00   4:38 
Tanner Pearson           0  1  1   1  0   1  2  0  0  0  0/0    12:36   1:40   0:00 
Tyler Shattock           0  0  0   0  0   0  1  0  0  0  0/0     5:57   0:00   0:00 
Vladimir Sobotka         0  2  2   0  2   0  0  1  1  0  13/29  19:22   0:00   4:23 
Vladimir Zharkov         2  0  2   0  2   7  0  0  0  0  2/5    20:22   2:18   2:52 

Players Stats for Monarchs

Player Name              G  A  P  +/- PIM S  H  SB GA TA FO     MP     PP MP  PK MP  
------------------------------------------------------------------------------------
Brock Nelson             0  0  0  -4  0   3  2  0  0  0  0/0    14:47   4:35   0:00 
Chris Tierney            0  0  0   0  0   2  1  0  0  1  10/17  18:55   4:35   1:31 
Colton Parayko           0  0  0  -3  0   1  2  1  0  0  0/0    18:08   0:00   1:13 
Connor Brown             0  0  0   0  0   3  0  0  1  0  0/0    18:18   5:15   0:00 
Eric Wellwood            0  0  0   0  0   2  1  1  0  0  1/1    18:43   4:06   1:15 
Hampus Lindholm          0  0  0  -3  2   4  1  5  1  2  0/0    24:34   5:50   1:21 
Igor Makarov             0  1  1   1  0   2  1  1  0  0  0/0     9:58   0:06   0:00 
Johnny Gaudreau          0  1  1   0  2   1  2  0  2  1  0/0    18:45   5:15   0:28 
Ludwig Bystrom           0  0  0   0  0   0  0  0  0  0  0/0    13:14   0:00   0:00 
Matt Tennyson            0  0  0   0  0   1  2  0  1  0  0/0    21:50   4:06   2:45 
Nail Yakupov             1  0  1   0  0   1  1  0  2  0  1/2    17:19   4:35   0:00 
Olli Maatta              0  0  0   0  0   3  0  0  0  0  0/0    23:30   5:50   1:37 
Pierre-Alexandre Parente 1  0  1   1  0   1  2  0  0  0  0/1     9:58   0:06   0:00 
Riley Cote               0  0  0  -4  0   1  1  0  0  0  1/3    13:31   0:06   2:27 
Ryan White               0  0  0  -4  0   3  3  0  0  0  4/8    10:22   0:00   0:00 
Tom Pyatt                0  1  1   1  0   0  0  0  0  1  3/3    11:36   0:00   2:15 
Ty Wishart               0  0  0   0  0   0  1  1  0  0  0/0    14:14   0:00   1:00 
Tyler Toffoli            0  0  0   0  0   5  1  0  1  0  13/24  18:18   5:15   0:00 

3 Stars

1 - Anders Lee (Anc)
2 - Kyle Palmieri (Anc)
3 - Vladimir Zharkov (Anc)

Power Play

Inferno - 0 on 2 Attempt(s) - 0.00%
Monarchs - 0 on 5 Attempt(s) - 0.00%

Penalty Kill

Inferno - 5 on 5 Attempt(s) - 100.00% - Score 0 goal in Penalty Kill
Monarchs - 2 on 2 Attempt(s) - 100.00% - Score 0 goal in Penalty Kill

Team Stat

Inferno - Hits : 19 - Faceoff Wins : 26 - Blocked Shots : 6 - Penalty Minutes : 10
Monarchs - Hits : 21 - Faceoff Wins : 33 - Blocked Shots : 9 - Penalty Minutes : 4

Official

Referees : Jackson Dave and Ciamaga Chris
Linesman : Ryan Galloway and Mark Pare

Game Notes

10:59 of 3rd period - Inferno goal is going for a video replay. After video review, Goal.

Finance

Level 1 -- Attendance: 1390 (69.50%) -- Ticket Income $55,600
Level 2 -- Attendance: 754 (75.40%) -- Ticket Income $15,080
Total Attendance: 2144 (71.47%)
Total Ticket Income: $70,680
Other Income: $3,534
Total Income: $74,214

Inferno

5 vs 5 Forward 
   Center                   Left Wing                Right Wing               Time % Phy DF OF 
 1 Vladimir Sobotka         David Ullstrom           Vladimir Zharkov         40     1   2  2  
 2 Anders Lee               Matt Kassian             Kyle Palmieri            30     1   2  2  
 3 Cal O'Reilly             Tanner Pearson           Bryan Rust               20     1   2  2  
 4 Philip Varone            Matthew Nieto            Tyler Shattock           10     1   2  2  

5 vs 5 Defense 
   Defense                  Defense                                           Time % Phy DF OF 
 1 Colby Robak              Christian Folin                                   40     1   2  2  
 2 Mathieu Brodeur          Esa Lindell                                       30     1   2  2  
 3 Greg Pateryn             Simon Danis-Pepin                                 20     1   2  2  
 4 Mathieu Brodeur          Simon Danis-Pepin                                 10     1   2  2  

PowerPlay Forward 
   Center                   Left Wing                Right Wing               Time % Phy DF OF 
 1 Anders Lee               David Ullstrom           Vladimir Zharkov         60     1   2  2  
 2 Philip Varone            Tanner Pearson           Kyle Palmieri            40     1   2  2  

PowerPlay Defense
   Defense                  Defense                                           Time % Phy DF OF 
 1 Colby Robak              Christian Folin                                   60     1   2  2  
 2 Mathieu Brodeur          Esa Lindell                                       40     1   2  2  

Penalty Kill 4 Players Forward 
   Center                   Wing                     Time % Phy DF OF 
 1 Vladimir Sobotka         David Ullstrom           60     1   2  2  
 2 Anders Lee               Vladimir Zharkov         40     1   2  2  

Penalty Kill 4 Players Defense
   Defense                  Defense                  Time % Phy DF OF 
 1 Colby Robak              Christian Folin          60     1   2  2  
 2 Mathieu Brodeur          Simon Danis-Pepin        40     1   2  2  

Penalty Kill - 3 Players Forward 
   Forward                                           Time % Phy DF OF 
 1 Vladimir Sobotka                                  60     1   2  2  
 2 David Ullstrom                                    40     1   2  2  

Penalty Kill - 3 Players Defense
   Defense                  Defense                  Time % Phy DF OF 
 1 Colby Robak              Christian Folin          60     1   2  2  
 2 Mathieu Brodeur          Simon Danis-Pepin        40     1   2  2  

4 vs 4 Forward 
   Center                   Wing                     Time % Phy DF OF 
 1 Vladimir Sobotka         Kyle Palmieri            60     1   2  2  
 2 Anders Lee               David Ullstrom           40     1   2  2  

4 vs 4 Defense
   Defense                  Defense                  Time % Phy DF OF 
 1 Colby Robak              Christian Folin          60     1   2  2  
 2 Mathieu Brodeur          Esa Lindell              40     1   2  2  

Last Minutes Offensive
   Center                   Left Wing                Right Wing               Defense                  Defense                  
   Vladimir Sobotka         David Ullstrom           Vladimir Zharkov         Colby Robak              Christian Folin          

Last Minutes Defensive
   Center                   Left Wing                Right Wing               Defense                  Defense                  
   Vladimir Sobotka         David Ullstrom           Vladimir Zharkov         Colby Robak              Christian Folin          

Goaltenders
Starting : Christopher Gibson       
Backup : Michael Hutchinson       

Extra Forwards
Normal : Anders Lee, Kyle Palmieri, Bryan Rust - PP : Tanner Pearson, Bryan Rust - PK : Vladimir Zharkov
Extra Defensemen
Normal : Greg Pateryn, Esa Lindell, Simon Danis-Pepin - PP : Esa Lindell - PK : Simon Danis-Pepin, Greg Pateryn
Penalty Shots
Anders Lee, Vladimir Zharkov, Tanner Pearson, Bryan Rust, Matt Kassian

Scratches
Chris Brown (Healthy), Victor Rask (Healthy), Frank Corrado (Healthy), Ryan Spooner (Healthy), Joakim Nordstrom (Healthy)
David Savard (Fractured Bone in Left Hand Injury), Trevor Carrick (Healthy), Petteri Lindbohm (Healthy), Daniil Tarasov (Healthy), Branden Troock (Healthy)
Luca Sbisa (Healthy), Nathan Lieuwen (Healthy)

Monarchs

5 vs 5 Forward 
   Center                   Left Wing                Right Wing               Time % Phy DF OF 
 1 Chris Tierney            Johnny Gaudreau          Nail Yakupov             35     1   2  2  
 2 Tyler Toffoli            Eric Wellwood            Connor Brown             35     1   2  2  
 3 Ryan White               Brock Nelson             Riley Cote               25     1   2  2  
 4 Tom Pyatt                Pierre-Alexandre ParenteaIgor Makarov             5      1   2  2  

5 vs 5 Defense 
   Defense                  Defense                                           Time % Phy DF OF 
 1 Hampus Lindholm          Colton Parayko                                    40     0   3  2  
 2 Matt Tennyson            Olli Maatta                                       35     1   3  1  
 3 Ty Wishart               Ludwig Bystrom                                    25     0   4  1  
 4 Hampus Lindholm          Colton Parayko                                    0      1   3  1  

PowerPlay Forward 
   Center                   Left Wing                Right Wing               Time % Phy DF OF 
 1 Tyler Toffoli            Johnny Gaudreau          Connor Brown             60     0   1  4  
 2 Chris Tierney            Brock Nelson             Nail Yakupov             40     1   2  2  

PowerPlay Defense
   Defense                  Defense                                           Time % Phy DF OF 
 1 Olli Maatta              Hampus Lindholm                                   60     0   2  3  
 2 Matt Tennyson            Eric Wellwood                                     40     0   2  3  

Penalty Kill 4 Players Forward 
   Center                   Wing                     Time % Phy DF OF 
 1 Riley Cote               Tom Pyatt                60     0   4  1  
 2 Eric Wellwood            Chris Tierney            40     0   4  1  

Penalty Kill 4 Players Defense
   Defense                  Defense                  Time % Phy DF OF 
 1 Hampus Lindholm          Matt Tennyson            60     1   4  0  
 2 Olli Maatta              Colton Parayko           40     1   4  0  

Penalty Kill - 3 Players Forward 
   Forward                                           Time % Phy DF OF 
 1 Riley Cote                                        60     1   2  2  
 2 Chris Tierney                                     40     1   2  2  

Penalty Kill - 3 Players Defense
   Defense                  Defense                  Time % Phy DF OF 
 1 Matt Tennyson            Ty Wishart               60     1   2  2  
 2 Olli Maatta              Colton Parayko           40     1   2  2  

4 vs 4 Forward 
   Center                   Wing                     Time % Phy DF OF 
 1 Johnny Gaudreau          Eric Wellwood            60     1   2  2  
 2 Connor Brown             Tyler Toffoli            40     1   2  2  

4 vs 4 Defense
   Defense                  Defense                  Time % Phy DF OF 
 1 Hampus Lindholm          Colton Parayko           60     1   2  2  
 2 Olli Maatta              Matt Tennyson            40     1   2  2  

Last Minutes Offensive
   Center                   Left Wing                Right Wing               Defense                  Defense                  
   Tyler Toffoli            Johnny Gaudreau          Connor Brown             Hampus Lindholm          Matt Tennyson            

Last Minutes Defensive
   Center                   Left Wing                Right Wing               Defense                  Defense                  
   Chris Tierney            Riley Cote               Tom Pyatt                Olli Maatta              Matt Tennyson            

Goaltenders
Starting : Matt Murray              
Backup : Niklas Backstrom         

Extra Forwards
Normal : Nail Yakupov, Brock Nelson, Connor Brown - PP : Riley Cote, Igor Makarov - PK : Tom Pyatt
Extra Defensemen
Normal : Hampus Lindholm, Olli Maatta, Matt Tennyson - PP : Colton Parayko - PK : Hampus Lindholm, Ty Wishart
Penalty Shots
Igor Makarov, Riley Cote, Brock Nelson, Pierre-Alexandre Parenteau, Johnny Gaudreau

Scratches
Jean-Gabriel Pageau (Healthy), Christophe Lalancette (Healthy), Morgan Rielly (Broken Bone (Left Leg) Injury), Dalton Smith (Healthy), Teuvo Teravainen (Healthy)
Jamie McGinn (Healthy), Trevor Lewis (Healthy), Anthony Peluso (Healthy), Jake Muzzin (Healthy), Alec Martinez (Abdominal Strain Injury)
T.J Brodie (Healthy), Jeff Frazee (Healthy), Tyler Beskorowany (Healthy)

% Time on Ice - Inferno

Lines # - Real PCT - Wanted PCT - Time Play
Normal Forward
1 - 33% - 40% - 15:11
2 - 30% - 30% - 13:51
3 - 24% - 20% - 11:07
4 - 13% - 10% - 5:57
Normal Defense
1 - 41% - 40% - 18:46
2 - 33% - 30% - 14:59
3 - 20% - 20% - 9:23
4 - 6% - 10% - 2:58
PP Forward
1 - 58% - 60% - 2:18
2 - 42% - 40% - 1:40
PP Defense
1 - 58% - 60% - 2:17
2 - 42% - 40% - 1:41
PK Forward
1 - 83% - 60% - 8:15
2 - 17% - 40% - 1:41
PK Defense
1 - 70% - 60% - 6:57
2 - 30% - 40% - 2:59
PK3 Forward
1 - 0% - 60%
2 - 0% - 40%
PK3 Defense
1 - 0% - 60%
2 - 0% - 40%
44 Forward
1 - 0% - 60%
2 - 0% - 40%
44 Defense
1 - 0% - 60%
2 - 0% - 40%
Last Minute Offensive  - 0:00
Last Minute Defensive  - 0:00
Total
Forward - 60:00
Defense - 60:00

% Time on Ice - Monarchs

Lines # - Real PCT - Wanted PCT - Time Play
Normal Forward
1 - 29% - 35% - 13:14
2 - 29% - 35% - 13:14
3 - 22% - 25% - 10:22
4 - 20% - 5% - 9:16
Normal Defense
1 - 39% - 40% - 17:46
2 - 33% - 35% - 15:06
3 - 29% - 25% - 13:14
4 - 0% - 0% - 0:00
PP Forward
1 - 54% - 60% - 5:21
2 - 46% - 40% - 4:35
PP Defense
1 - 59% - 60% - 5:50
2 - 41% - 40% - 4:06
PK Forward
1 - 72% - 60% - 2:51
2 - 28% - 40% - 1:07
PK Defense
1 - 69% - 60% - 2:45
2 - 31% - 40% - 1:13
PK3 Forward
1 - 0% - 60%
2 - 0% - 40%
PK3 Defense
1 - 0% - 60%
2 - 0% - 40%
44 Forward
1 - 0% - 60%
2 - 0% - 40%
44 Defense
1 - 0% - 60%
2 - 0% - 40%
Last Minute Offensive  - 0:00
Last Minute Defensive  - 0:00
Total
Forward - 60:00
Defense - 60:00

Play by Play

1st period


0:01 of 1st period - Vladimir Sobotka wins face-off versus Chris Tierney in neutral zone.
1:57 of 1st period - Snap shot by Matt Kassian.
1:57 of 1st period - Stopped by Matt Murray without a rebound.
1:58 of 1st period - Vladimir Sobotka wins face-off versus Tyler Toffoli in Monarchs zone.
2:11 of 1st period - Wrist shot by Vladimir Zharkov.
2:11 of 1st period - Stopped by Matt Murray with a rebound.
2:36 of 1st period - Slapshot by David Ullstrom.
2:36 of 1st period - Shot Misses the Net.
2:38 of 1st period - Slapshot by Colby Robak.
2:38 of 1st period - Shot Hit the Post.
2:40 of 1st period - Slapshot by Christian Folin.
2:40 of 1st period - Shot Blocked by Hampus Lindholm.
2:50 of 1st period - Snap shot by Vladimir Zharkov.
2:50 of 1st period - Goal by Vladimir Zharkov - Inferno : 1 - Monarchs : 0.
2:51 of 1st period - Chris Tierney wins face-off versus Cal O'Reilly in neutral zone.
2:53 of 1st period - Minor Penalty to Johnny Gaudreau for Roughing.
2:54 of 1st period - Anders Lee wins face-off versus Riley Cote in Monarchs zone.
3:02 of 1st period - Slapshot by David Ullstrom.
3:02 of 1st period - Shot Misses the Net.
3:12 of 1st period - Hampus Lindholm is hit by Anders Lee and loses puck.
3:27 of 1st period - Slapshot by Hampus Lindholm.
3:27 of 1st period - Stopped by Christopher Gibson without a rebound.
3:28 of 1st period - Philip Varone wins face-off versus Riley Cote in Inferno zone.
3:33 of 1st period - Colton Parayko is hit by Kyle Palmieri and loses puck.
4:53 of 1st period - Penalty to Johnny Gaudreau is over, Johnny Gaudreau is back on ice.
5:34 of 1st period - Ludwig Bystrom is hit by Matthew Nieto and loses puck.
6:13 of 1st period - Colby Robak is hit by Colton Parayko and loses puck.
7:49 of 1st period - Off-side.
7:50 of 1st period - Tom Pyatt wins face-off versus Philip Varone in neutral zone.
7:58 of 1st period - Wrist shot by Philip Varone.
7:58 of 1st period - Shot Misses the Net.
8:32 of 1st period - Johnny Gaudreau is hit by Simon Danis-Pepin and loses puck.
9:15 of 1st period - Icing by Simon Danis-Pepin.
9:16 of 1st period - Tyler Toffoli wins face-off versus Cal O'Reilly in Inferno zone.
10:11 of 1st period - Wrist shot by Philip Varone.
10:11 of 1st period - Stopped by Matt Murray without a rebound.
10:12 of 1st period - Anders Lee wins face-off versus Tyler Toffoli in Monarchs zone.
11:00 of 1st period - Backhand shot by Tanner Pearson.
11:00 of 1st period - Shot Blocked by Hampus Lindholm.
11:02 of 1st period - Snap shot by Colby Robak.
11:02 of 1st period - Shot Misses the Net.
11:04 of 1st period - Backhand shot by Colby Robak.
11:04 of 1st period - Goal by Colby Robak - Inferno : 2 - Monarchs : 0.
11:05 of 1st period - Chris Tierney wins face-off versus Matt Kassian in neutral zone.
11:23 of 1st period - Icing by Johnny Gaudreau.
11:24 of 1st period - Chris Tierney wins face-off versus Vladimir Sobotka in Monarchs zone.
11:33 of 1st period - Wrist shot by Vladimir Zharkov.
11:33 of 1st period - Stopped by Matt Murray with a rebound.
11:57 of 1st period - Snap shot by Tyler Toffoli.
11:57 of 1st period - Stopped by Christopher Gibson without a rebound.
11:58 of 1st period - Vladimir Sobotka wins face-off versus Tyler Toffoli in Inferno zone.
12:05 of 1st period - Wrist shot by Tyler Toffoli.
12:05 of 1st period - Stopped by Christopher Gibson with a rebound.
12:23 of 1st period - Nail Yakupov is hit by Anders Lee and loses puck.
12:42 of 1st period - Snap shot by Johnny Gaudreau.
12:42 of 1st period - Deflect By Tanner Pearson.
12:42 of 1st period - Stopped by Christopher Gibson without a rebound.
12:43 of 1st period - Cal O'Reilly wins face-off versus Ryan White in Inferno zone.
12:50 of 1st period - Wrist shot by Ryan White.
12:50 of 1st period - Stopped by Christopher Gibson with a rebound.
13:33 of 1st period - Slapshot by Esa Lindell.
13:33 of 1st period - Shot Misses the Net.
13:35 of 1st period - Snap shot by Matthew Nieto.
13:35 of 1st period - Stopped by Matt Murray with a rebound.
13:37 of 1st period - Wrist shot by Philip Varone.
13:37 of 1st period - Shot Misses the Net.
13:39 of 1st period - Snap shot by Mathieu Brodeur.
13:39 of 1st period - Stopped by Matt Murray with a rebound.
13:41 of 1st period - Slapshot by Esa Lindell.
13:41 of 1st period - Stopped by Matt Murray with a rebound.
13:43 of 1st period - Slapshot by Esa Lindell.
13:43 of 1st period - Stopped by Matt Murray with a rebound.
13:54 of 1st period - Off-side.
13:55 of 1st period - Anders Lee wins face-off versus Chris Tierney in neutral zone.
13:58 of 1st period - Snap shot by Kyle Palmieri.
13:58 of 1st period - Stopped by Matt Murray without a rebound.
13:59 of 1st period - Chris Tierney wins face-off versus Anders Lee in Monarchs zone.
13:59 of 1st period - Chris Tierney is hit by Anders Lee.
14:24 of 1st period - Snap shot by Kyle Palmieri.
14:24 of 1st period - Shot Blocked by Hampus Lindholm.
14:26 of 1st period - Snap shot by Anders Lee.
14:26 of 1st period - Stopped by Matt Murray with a rebound.
14:28 of 1st period - Slapshot by Greg Pateryn.
14:28 of 1st period - Stopped by Matt Murray with a rebound.
14:30 of 1st period - Snap shot by Matt Kassian.
14:30 of 1st period - Shot Misses the Net.
14:48 of 1st period - Snap shot by Kyle Palmieri.
14:48 of 1st period - Shot Misses the Net.
14:50 of 1st period - Slapshot by Greg Pateryn.
14:50 of 1st period - Shot Misses the Net.
14:52 of 1st period - Slapshot by Greg Pateryn.
14:52 of 1st period - Shot Misses the Net.
14:54 of 1st period - Snap shot by Anders Lee.
14:54 of 1st period - Goal by Anders Lee - Inferno : 3 - Monarchs : 0.
14:55 of 1st period - Vladimir Sobotka wins face-off versus Tyler Toffoli in neutral zone.
14:58 of 1st period - Snap shot by Vladimir Zharkov.
14:58 of 1st period - Shot Misses the Net.
15:00 of 1st period - Slapshot by Mathieu Brodeur.
15:00 of 1st period - Stopped by Matt Murray with a rebound.
15:02 of 1st period - Slapshot by Vladimir Zharkov.
15:02 of 1st period - Shot Misses the Net.
15:04 of 1st period - Snap shot by David Ullstrom.
15:04 of 1st period - Stopped by Matt Murray with a rebound.
15:06 of 1st period - Snap shot by Mathieu Brodeur.
15:06 of 1st period - Deflect By Eric Wellwood.
15:06 of 1st period - Stopped by Matt Murray without a rebound.
15:07 of 1st period - Tyler Toffoli wins face-off versus David Ullstrom in Monarchs zone.
15:40 of 1st period - Slapshot by Riley Cote.
15:40 of 1st period - Stopped by Christopher Gibson with a rebound.
15:58 of 1st period - Wrist shot by Matt Kassian.
15:58 of 1st period - Stopped by Matt Murray with a rebound.
16:00 of 1st period - Wrist shot by Matt Kassian.
16:00 of 1st period - Shot Blocked by Hampus Lindholm.
16:22 of 1st period - Snap shot by Matthew Nieto.
16:22 of 1st period - Shot Blocked by Igor Makarov.
17:01 of 1st period - Icing by Mathieu Brodeur.
17:02 of 1st period - Cal O'Reilly wins face-off versus Ryan White in Inferno zone.
17:02 of 1st period - Tanner Pearson is hit by Brock Nelson and loses puck.
17:21 of 1st period - Snap shot by Cal O'Reilly.
17:21 of 1st period - Stopped by Matt Murray without a rebound.
17:22 of 1st period - Tyler Toffoli wins face-off versus Vladimir Sobotka in Monarchs zone.
17:55 of 1st period - Wrist shot by Kyle Palmieri.
17:55 of 1st period - Deflect By Matt Kassian.
17:55 of 1st period - Stopped by Matt Murray with a rebound.
17:57 of 1st period - Snap shot by Kyle Palmieri.
17:57 of 1st period - Shot Misses the Net.
18:39 of 1st period - Wrist shot by Igor Makarov.
18:39 of 1st period - Stopped by Christopher Gibson with a rebound.
19:12 of 1st period - Nail Yakupov is hit by Matt Kassian and loses puck.
19:17 of 1st period - Slapshot by Anders Lee.
19:17 of 1st period - Deflect By Kyle Palmieri.
19:17 of 1st period - Stopped by Matt Murray with a rebound.
19:19 of 1st period - Snap shot by Anders Lee.
19:19 of 1st period - Stopped by Matt Murray with a rebound.
19:21 of 1st period - Slapshot by Matt Kassian.
19:21 of 1st period - Shot Misses the Net.
19:23 of 1st period - Wrist shot by Kyle Palmieri.
19:23 of 1st period - Shot Misses the Net.
19:33 of 1st period - Bryan Rust is hit by Riley Cote and loses puck.
Goals for this period are 3 for Inferno vs 0 for Monarchs .
Shots for this period are 22 for Inferno vs 7 for Monarchs .

2nd period


0:01 of 2nd period - Tyler Toffoli wins face-off versus Vladimir Zharkov in neutral zone.
0:08 of 2nd period - Wrist shot by Tyler Toffoli.
0:08 of 2nd period - Stopped by Christopher Gibson with a rebound.
0:10 of 2nd period - Snap shot by Connor Brown.
0:10 of 2nd period - Shot Blocked by Christian Folin.
0:33 of 2nd period - Wrist shot by Kyle Palmieri.
0:33 of 2nd period - Shot Misses the Net.
0:35 of 2nd period - Snap shot by Kyle Palmieri.
0:35 of 2nd period - Shot Misses the Net.
0:37 of 2nd period - Snap shot by Christian Folin.
0:37 of 2nd period - Stopped by Matt Murray with a rebound.
1:15 of 2nd period - Snap shot by Tanner Pearson.
1:15 of 2nd period - Shot Blocked by Colton Parayko.
1:17 of 2nd period - Snap shot by Tanner Pearson.
1:17 of 2nd period - Deflect By Cal O'Reilly.
1:17 of 2nd period - Shot Misses the Net.
1:17 of 2nd period - Puck is out of play.
1:18 of 2nd period - Tyler Toffoli wins face-off versus Vladimir Sobotka in Monarchs zone.
1:52 of 2nd period - Off-side.
1:53 of 2nd period - Vladimir Sobotka wins face-off versus Ryan White in neutral zone.
2:08 of 2nd period - Snap shot by Vladimir Zharkov.
2:08 of 2nd period - Stopped by Matt Murray with a rebound.
2:18 of 2nd period - Eric Wellwood is hit by Matt Kassian and loses puck.
3:07 of 2nd period - Wrist shot by Igor Makarov.
3:07 of 2nd period - Shot Misses the Net.
3:21 of 2nd period - Slapshot by Brock Nelson.
3:21 of 2nd period - Stopped by Christopher Gibson without a rebound.
3:22 of 2nd period - Ryan White wins face-off versus Vladimir Sobotka in Inferno zone.
3:30 of 2nd period - Icing by Christian Folin.
3:31 of 2nd period - Nail Yakupov wins face-off versus Vladimir Sobotka in Inferno zone.
3:34 of 2nd period - Wrist shot by Nail Yakupov.
3:34 of 2nd period - Goal by Nail Yakupov - Inferno : 3 - Monarchs : 1.
3:35 of 2nd period - Tyler Toffoli wins face-off versus Vladimir Sobotka in neutral zone.
3:38 of 2nd period - Colby Robak is hit by Matt Tennyson and loses puck.
6:19 of 2nd period - Wrist shot by Brock Nelson.
6:19 of 2nd period - Stopped by Christopher Gibson without a rebound.
6:20 of 2nd period - Tyler Toffoli wins face-off versus Vladimir Sobotka in Inferno zone.
6:21 of 2nd period - Slapshot by Hampus Lindholm.
6:21 of 2nd period - Stopped by Christopher Gibson with a rebound.
6:23 of 2nd period - Slapshot by Colton Parayko.
6:23 of 2nd period - Stopped by Christopher Gibson with a rebound.
6:27 of 2nd period - Snap shot by Tyler Toffoli.
6:27 of 2nd period - Shot Blocked by Greg Pateryn.
6:31 of 2nd period - Wrist shot by Connor Brown.
6:31 of 2nd period - Stopped by Christopher Gibson with a rebound.
6:33 of 2nd period - Snap shot by Colton Parayko.
6:33 of 2nd period - Shot Misses the Net.
6:35 of 2nd period - Snap shot by Eric Wellwood.
6:35 of 2nd period - Stopped by Christopher Gibson without a rebound.
6:36 of 2nd period - Anders Lee wins face-off versus Chris Tierney in Inferno zone.
6:51 of 2nd period - Slapshot by Hampus Lindholm.
6:51 of 2nd period - Stopped by Christopher Gibson with a rebound.
6:57 of 2nd period - Minor Penalty to Kyle Palmieri for Interference.
6:58 of 2nd period - Tyler Toffoli wins face-off versus Vladimir Sobotka in Inferno zone.
7:07 of 2nd period - Snap shot by Connor Brown.
7:07 of 2nd period - Stopped by Christopher Gibson with a rebound.
7:09 of 2nd period - Slapshot by Hampus Lindholm.
7:09 of 2nd period - Stopped by Christopher Gibson with a rebound.
7:11 of 2nd period - Slapshot by Olli Maatta.
7:11 of 2nd period - Stopped by Christopher Gibson with a rebound.
7:13 of 2nd period - Wrist shot by Johnny Gaudreau.
7:13 of 2nd period - Deflect By Tyler Toffoli.
7:13 of 2nd period - Stopped by Christopher Gibson without a rebound.
7:14 of 2nd period - Tyler Toffoli wins face-off versus David Ullstrom in Inferno zone.
8:37 of 2nd period - Icing by Matt Tennyson.
8:38 of 2nd period - Anders Lee wins face-off versus Tyler Toffoli in Monarchs zone.
8:49 of 2nd period - David Ullstrom is hit by Chris Tierney and loses puck.
8:57 of 2nd period - Penalty to Kyle Palmieri is over, Kyle Palmieri is back on ice.
9:19 of 2nd period - Snap shot by Kyle Palmieri.
9:19 of 2nd period - Shot Misses the Net.
9:56 of 2nd period - Wrist shot by Tanner Pearson.
9:56 of 2nd period - Shot Misses the Net.
10:04 of 2nd period - Johnny Gaudreau is hit by Tanner Pearson and loses puck.
10:31 of 2nd period - Slapshot by Brock Nelson.
10:31 of 2nd period - Deflect By Riley Cote.
10:31 of 2nd period - Shot Hit the Post.
10:31 of 2nd period - Puck is out of play.
10:32 of 2nd period - Ryan White wins face-off versus Vladimir Zharkov in Inferno zone.
10:35 of 2nd period - Slapshot by Riley Cote.
10:35 of 2nd period - Shot Blocked by Vladimir Sobotka.
10:37 of 2nd period - Slapshot by Ryan White.
10:37 of 2nd period - Shot Misses the Net.
10:39 of 2nd period - Slapshot by Olli Maatta.
10:39 of 2nd period - Shot Blocked by David Ullstrom.
10:41 of 2nd period - Snap shot by Riley Cote.
10:41 of 2nd period - Shot Misses the Net.
10:43 of 2nd period - Snap shot by Olli Maatta.
10:43 of 2nd period - Stopped by Christopher Gibson with a rebound.
10:59 of 2nd period - Olli Maatta is hit by Tanner Pearson and loses puck.
11:20 of 2nd period - Slapshot by Eric Wellwood.
11:20 of 2nd period - Stopped by Christopher Gibson without a rebound.
11:21 of 2nd period - Vladimir Sobotka wins face-off versus Tyler Toffoli in Inferno zone.
11:26 of 2nd period - Hampus Lindholm is hit by Simon Danis-Pepin and loses puck.
11:43 of 2nd period - Minor Penalty to Hampus Lindholm for Cross-checking.
11:44 of 2nd period - Riley Cote wins face-off versus David Ullstrom in Monarchs zone.
12:29 of 2nd period - Snap shot by Chris Tierney.
12:29 of 2nd period - Stopped by Christopher Gibson without a rebound.
12:30 of 2nd period - Eric Wellwood wins face-off versus Vladimir Zharkov in Inferno zone.
13:43 of 2nd period - Penalty to Hampus Lindholm is over, Hampus Lindholm is back on ice.
13:51 of 2nd period - Wrist shot by Cal O'Reilly.
13:51 of 2nd period - Shot Misses the Net.
13:53 of 2nd period - Slapshot by Cal O'Reilly.
13:53 of 2nd period - Stopped by Matt Murray with a rebound.
14:11 of 2nd period - Colton Parayko is hit by Tyler Shattock and loses puck.
14:16 of 2nd period - Snap shot by Philip Varone.
14:16 of 2nd period - Stopped by Matt Murray without a rebound.
14:17 of 2nd period - Anders Lee wins face-off versus Tyler Toffoli in Monarchs zone.
14:18 of 2nd period - Wrist shot by Kyle Palmieri.
14:18 of 2nd period - Shot Misses the Net.
14:20 of 2nd period - Backhand shot by Anders Lee.
14:20 of 2nd period - Deflect By Kyle Palmieri.
14:20 of 2nd period - Stopped by Matt Murray with a rebound.
14:24 of 2nd period - Slapshot by Kyle Palmieri.
14:24 of 2nd period - Stopped by Matt Murray with a rebound.
14:26 of 2nd period - Slapshot by Mathieu Brodeur.
14:26 of 2nd period - Shot Misses the Net.
14:44 of 2nd period - Snap shot by Tom Pyatt.
14:44 of 2nd period - Deflect By Igor Makarov.
14:44 of 2nd period - Shot Blocked by David Ullstrom.
14:44 of 2nd period - Puck is out of play.
14:45 of 2nd period - Tom Pyatt wins face-off versus Vladimir Sobotka in Inferno zone.
15:12 of 2nd period - Wrist shot by Pierre-Alexandre Parenteau.
15:12 of 2nd period - Goal by Pierre-Alexandre Parenteau - Inferno : 3 - Monarchs : 2.
15:13 of 2nd period - Chris Tierney wins face-off versus Vladimir Sobotka in neutral zone.
15:24 of 2nd period - Wrist shot by Chris Tierney.
15:24 of 2nd period - Stopped by Christopher Gibson without a rebound.
15:25 of 2nd period - Chris Tierney wins face-off versus Vladimir Sobotka in Inferno zone.
15:39 of 2nd period - Minor Penalty to Christian Folin for Tripping.
15:40 of 2nd period - Tyler Toffoli wins face-off versus Vladimir Sobotka in Inferno zone.
17:03 of 2nd period - Matthew Nieto is hit by Nail Yakupov and loses puck.
17:39 of 2nd period - Penalty to Christian Folin is over, Christian Folin is back on ice.
17:51 of 2nd period - Igor Makarov is hit by Esa Lindell and loses puck.
18:30 of 2nd period - Colby Robak is hit by Ryan White and loses puck.
18:41 of 2nd period - Ty Wishart is hit by Philip Varone and loses puck.
19:12 of 2nd period - Wrist shot by Bryan Rust.
19:12 of 2nd period - Shot Blocked by Eric Wellwood.
19:22 of 2nd period - Matt Kassian is hit by Igor Makarov and loses puck.
19:42 of 2nd period - Icing by Pierre-Alexandre Parenteau.
19:43 of 2nd period - Vladimir Sobotka wins face-off versus Pierre-Alexandre Parenteau in Monarchs zone.
19:44 of 2nd period - Wrist shot by Vladimir Zharkov.
19:44 of 2nd period - Stopped by Matt Murray with a rebound.
Goals for this period are 0 for Inferno vs 2 for Monarchs .
Shots for this period are 7 for Inferno vs 18 for Monarchs .
0:00 of 3rd period - Minor Penalty to Vladimir Zharkov for Hooking.
Goals for this period are 0 for Inferno vs 2 for Monarchs .
Shots for this period are 7 for Inferno vs 18 for Monarchs .

3rd period


0:01 of 3rd period - Tyler Toffoli wins face-off versus Vladimir Sobotka in neutral zone.
0:04 of 3rd period - Vladimir Sobotka is hit by Hampus Lindholm and loses puck.
1:40 of 3rd period - Colby Robak is hit by Tyler Toffoli and loses puck.
2:00 of 3rd period - Penalty to Vladimir Zharkov is over, Vladimir Zharkov is back on ice.
2:03 of 3rd period - Vladimir Zharkov is hit by Pierre-Alexandre Parenteau and loses puck.
2:49 of 3rd period - Icing by Philip Varone.
2:50 of 3rd period - Ryan White wins face-off versus Philip Varone in Inferno zone.
2:57 of 3rd period - Snap shot by Johnny Gaudreau.
2:57 of 3rd period - Shot Hit the Post.
3:17 of 3rd period - Snap shot by Tanner Pearson.
3:17 of 3rd period - Stopped by Matt Murray with a rebound.
3:54 of 3rd period - Slapshot by Igor Makarov.
3:54 of 3rd period - Stopped by Christopher Gibson with a rebound.
3:56 of 3rd period - Snap shot by Pierre-Alexandre Parenteau.
3:56 of 3rd period - Shot Blocked by Colby Robak.
3:58 of 3rd period - Slapshot by Olli Maatta.
3:58 of 3rd period - Stopped by Christopher Gibson without a rebound.
3:59 of 3rd period - Anders Lee wins face-off versus Chris Tierney in Inferno zone.
4:12 of 3rd period - Off-side.
4:13 of 3rd period - David Ullstrom wins face-off versus Tyler Toffoli in neutral zone.
4:18 of 3rd period - Slapshot by Vladimir Sobotka.
4:18 of 3rd period - Deflect By Vladimir Zharkov.
4:18 of 3rd period - Stopped by Matt Murray without a rebound.
4:19 of 3rd period - Tyler Toffoli wins face-off versus Vladimir Sobotka in Monarchs zone.
4:28 of 3rd period - Snap shot by Connor Brown.
4:28 of 3rd period - Stopped by Christopher Gibson with a rebound.
4:33 of 3rd period - Off-side.
4:34 of 3rd period - Chris Tierney wins face-off versus Anders Lee in neutral zone.
4:36 of 3rd period - Off-side.
4:37 of 3rd period - Chris Tierney wins face-off versus Kyle Palmieri in neutral zone.
4:45 of 3rd period - Off-side.
4:46 of 3rd period - Vladimir Sobotka wins face-off versus Chris Tierney in neutral zone.
5:02 of 3rd period - Minor Penalty to Christian Folin for Charging.
5:03 of 3rd period - Tyler Toffoli wins face-off versus Vladimir Sobotka in Inferno zone.
5:58 of 3rd period - David Ullstrom is hit by Brock Nelson and loses puck.
7:02 of 3rd period - Penalty to Christian Folin is over, Christian Folin is back on ice.
7:14 of 3rd period - Slapshot by Cal O'Reilly.
7:14 of 3rd period - Shot Misses the Net.
9:10 of 3rd period - Riley Cote is hit by Philip Varone and loses puck.
9:28 of 3rd period - David Ullstrom is hit by Ty Wishart and loses puck.
9:59 of 3rd period - Matt Kassian is hit by Ryan White and loses puck.
10:17 of 3rd period - Tyler Shattock is hit by Pierre-Alexandre Parenteau and loses puck.
10:55 of 3rd period - Slapshot by Simon Danis-Pepin.
10:55 of 3rd period - Shot Misses the Net.
10:57 of 3rd period - Slapshot by Esa Lindell.
10:57 of 3rd period - Shot Blocked by Ty Wishart.
10:59 of 3rd period - Backhand shot by Kyle Palmieri.
10:59 of 3rd period - Inferno goal is going for a video replay.
10:59 of 3rd period - The goal is good.
10:59 of 3rd period - Goal by Kyle Palmieri - Inferno : 4 - Monarchs : 2.
11:00 of 3rd period - Vladimir Sobotka wins face-off versus Nail Yakupov in neutral zone.
11:15 of 3rd period - Snap shot by David Ullstrom.
11:15 of 3rd period - Shot Blocked by Hampus Lindholm.
11:54 of 3rd period - Backhand shot by Matthew Nieto.
11:54 of 3rd period - Stopped by Matt Murray with a rebound.
12:17 of 3rd period - Minor Penalty to Vladimir Sobotka for Hooking.
12:18 of 3rd period - Vladimir Zharkov wins face-off versus Tyler Toffoli in Inferno zone.
12:28 of 3rd period - Slapshot by Connor Brown.
12:28 of 3rd period - Shot Misses the Net.
12:32 of 3rd period - Backhand shot by Johnny Gaudreau.
12:32 of 3rd period - Shot Misses the Net.
12:34 of 3rd period - Snap shot by Tyler Toffoli.
12:34 of 3rd period - Stopped by Christopher Gibson without a rebound.
12:35 of 3rd period - Vladimir Zharkov wins face-off versus Chris Tierney in Inferno zone.
12:46 of 3rd period - Wrist shot by Brock Nelson.
12:46 of 3rd period - Shot Misses the Net.
13:25 of 3rd period - Simon Danis-Pepin is hit by Eric Wellwood and loses puck.
14:17 of 3rd period - Penalty to Vladimir Sobotka is over, Vladimir Sobotka is back on ice.
14:26 of 3rd period - Off-side.
14:27 of 3rd period - Tom Pyatt wins face-off versus Bryan Rust in neutral zone.
14:54 of 3rd period - Greg Pateryn is hit by Ryan White and loses puck.
14:59 of 3rd period - Slapshot by Brock Nelson.
14:59 of 3rd period - Stopped by Christopher Gibson with a rebound.
15:01 of 3rd period - Snap shot by Ryan White.
15:01 of 3rd period - Stopped by Christopher Gibson without a rebound.
15:02 of 3rd period - Vladimir Sobotka wins face-off versus Chris Tierney in Inferno zone.
15:02 of 3rd period - Vladimir Sobotka is hit by Johnny Gaudreau.
15:34 of 3rd period - Colby Robak is hit by Colton Parayko and loses puck.
15:51 of 3rd period - Eric Wellwood is hit by Mathieu Brodeur and loses puck.
15:56 of 3rd period - Wrist shot by Kyle Palmieri.
15:56 of 3rd period - Deflect By Matt Kassian.
15:56 of 3rd period - Shot Misses the Net.
15:56 of 3rd period - Puck is out of play.
15:57 of 3rd period - Chris Tierney wins face-off versus David Ullstrom in Monarchs zone.
16:01 of 3rd period - Off-side.
16:02 of 3rd period - Chris Tierney wins face-off versus Vladimir Sobotka in neutral zone.
16:28 of 3rd period - Snap shot by Matt Tennyson.
16:28 of 3rd period - Stopped by Christopher Gibson without a rebound.
16:29 of 3rd period - Ryan White wins face-off versus Cal O'Reilly in Inferno zone.
16:34 of 3rd period - Wrist shot by Brock Nelson.
16:34 of 3rd period - Shot Misses the Net.
16:36 of 3rd period - Snap shot by Ryan White.
16:36 of 3rd period - Stopped by Christopher Gibson with a rebound.
17:05 of 3rd period - Snap shot by Vladimir Zharkov.
17:05 of 3rd period - Deflect By David Ullstrom.
17:05 of 3rd period - Shot Misses the Net.
17:05 of 3rd period - Puck is out of play.
17:06 of 3rd period - Vladimir Sobotka wins face-off versus Ryan White in Monarchs zone.
17:11 of 3rd period - Snap shot by Vladimir Zharkov.
17:11 of 3rd period - Goal by Vladimir Zharkov - Inferno : 5 - Monarchs : 2.
17:12 of 3rd period - Vladimir Sobotka wins face-off versus Tyler Toffoli in neutral zone.
17:37 of 3rd period - Anders Lee is hit by Johnny Gaudreau and loses puck.
18:04 of 3rd period - Ryan White is hit by Matt Kassian and loses puck.
18:19 of 3rd period - Greg Pateryn is hit by Matt Tennyson.
18:42 of 3rd period - Ludwig Bystrom is hit by Matt Kassian and loses puck.
19:03 of 3rd period - Snap shot by Riley Cote.
19:03 of 3rd period - Shot Misses the Net.
19:09 of 3rd period - Brock Nelson is hit by Kyle Palmieri and loses puck.
19:26 of 3rd period - Wrist shot by Kyle Palmieri.
19:26 of 3rd period - Shot Misses the Net.
19:28 of 3rd period - Wrist shot by Kyle Palmieri.
19:28 of 3rd period - Deflect By Matt Kassian.
19:28 of 3rd period - Shot Misses the Net.
19:28 of 3rd period - Puck is out of play.
19:29 of 3rd period - Vladimir Sobotka wins face-off versus Tyler Toffoli in Monarchs zone.
19:44 of 3rd period - Wrist shot by Vladimir Zharkov.
19:44 of 3rd period - Shot Misses the Net.
Goals for this period are 2 for Inferno vs 0 for Monarchs .
Shots for this period are 5 for Inferno vs 8 for Monarchs .